 Dungeon Crawl Stone Soup version 0.32-a0-675-gdc239d62e1 (webtiles) character file.

Game seed: 7852112340837534225

238 jasper the Digger (level 5, -3/35 HPs)
             Began as a Demonspawn Earth Elementalist on Mar 11, 2024.
             Slain by Duvessa
             ... wielding a +0 short sword
              (12 damage)
             ... on level 4 of the Dungeon.
             The game lasted 00:03:52 (3527 turns).

jasper the Digger (Demonspawn Earth Elementalist)   Turns: 3527, Time: 00:03:53

Health: -3/35      AC:  3    Str:  8    XL:     5   Next: 78%
Magic:  4/8        EV: 12    Int: 18    God:
Gold:   66         SH:  0    Dex: 13    Spells: 1/8 levels left

rFire   . . .        r - +1 dagger (speed)
rCold   + . .        (no shield)
rNeg    . . .        h - +1 robe {rC+}
rPois   .            (helmet restricted)
rElec   .            (no cloak)
rCorr   +            (no gloves)
SInv    .            (no boots)
Will    .....        (no amulet)
Stlth   ++           i - ring of resist corrosion
HPRegen 0.25/turn    n - ring of wizardry
MPRegen 0.11/turn

%: wizardry (x1)
@: about to teleport
A: antennae 1
a: no special abilities


You were on level 4 of the Dungeon.
You visited 1 branch of the dungeon, and saw 4 of its levels.

You collected 66 gold pieces.

Inventory:

Hand Weapons
 c - a +0 short sword
 r - a +1 dagger of speed (weapon)
Missiles
 f - 26 stones
 p - 2 datura-tipped darts
 v - 4 boomerangs
Armour
 a - a +0 robe
 h - a +1 robe of cold resistance (worn)
 o - a +2 leather armour of fire resistance
 t - a scarf of shadows
Jewellery
 i - a ring of resist corrosion (left hand)
 k - an amulet of faith
 n - a ring of wizardry (right hand)
Wands
 l - a wand of mindburst (13)
Scrolls
 d - a scroll of immolation
 j - a scroll of vulnerability
 u - a scroll of noise
Potions
 b - a potion of magic
 e - 2 potions of resistance
 g - a potion of enlightenment
 q - a potion of brilliance
 s - a potion of curing {unknown}


   Skills:
 - Level 1.7 Dodging
 - Level 1.7 Stealth
 - Level 2.0 Spellcasting
 - Level 1.0 Conjurations
 + Level 6.0 Earth Magic


You had one spell level left.
You knew the following spells:

 Your Spells              Type           Power      Damage    Failure   Level
a - Sandblast             Erth           46%        2d11      1%          1
b - Passwall              Erth           23%        N/A       1%          3
c - Stone Arrow           Conj/Erth      28%        3d8       5%          3

Your spell library contained the following spells:

 Spells                   Type           Power      Damage    Failure   Level
 Shock                    Conj/Air       12%        1d3       6%          1
 Brom's Barrelling Bould  Conj/Erth      14%        2d4       16%         4
 Swiftness                Air            1%         N/A       21%         3
 Petrify                  Alch/Erth      12%        N/A       21%         4
 Airstrike                Air            0%         2d(1-17)  54%         4


Dungeon Overview and Level Annotations

Branches:
Dungeon (4/15)
 Temple: D:4-7

Altars:

Annotations:
D:4 Duvessa


Innate Abilities, Weirdness & Mutations

You have a pair of small antennae on your head.


Message History

Aim: Dowan, wielding a +0 dagger and wearing a +0 robe (76% to hit)
The blast of sand misses Dowan.
You now have 1/8 mp.
Okay, then.
Aiming: Sandblast (safe; 1% risk of failure)
Press: ? - help, Q - select action, (/) - cycle Shift-Dir - straight line, f/p - Dowan
Aim: Dowan, wielding a +0 dagger and wearing a +0 robe (76% to hit)
The blast of sand hits Dowan!
Dowan is moderately wounded.
Dowan hits you with a +0 dagger.
* * * LOW HITPOINT WARNING * * *
You take 5 damage, and have 8/35 hp.
You now have 0/8 mp.
Magic courses through your body. Dowan barely misses you.
MP restored: 8
Casting: Sandblast (safe; 1% risk of failure)
Confirm with . or Enter, or press ? or * to list all spells.
Aiming: Stone Arrow (dangerous; 6% risk of failure)
Press: ? - help, Shift-Dir - straight line, f/p - Dowan
Aim: Dowan, wielding a +0 dagger and wearing a +0 robe (moderately wounded, 56% to hit)
The stone arrow hits Dowan!
Dowan is almost dead.
Dowan hits you with a +0 dagger.
* * * LOW HITPOINT WARNING * * *
You take 4 damage, and have 5/35 hp.
You now have 5/8 mp.
Casting: Stone Arrow (dangerous; 6% risk of failure)
Confirm with . or Enter, or press ? or * to list all spells.
Aiming: Stone Arrow (dangerous; 6% risk of failure)
Press: ? - help, Shift-Dir - straight line, f/p - Dowan
Aim: Dowan, wielding a +0 dagger and wearing a +0 robe (almost dead, 56% to hit)
The stone arrow hits Dowan!
You kill Dowan!
You hear a distant scream of rage.
Your Earth Magic skill increases to level 6!
You now have 2/8 mp.
Duvessa goes berserk!
Duvessa rages.
Duvessa rages.
As you read the scroll of teleportation, it crumbles to dust.
You feel strangely unstable. Duvessa hits you with a +0 short sword!
You die...

#######.<#.##....#.#######
#.##.#######(......#
....#....# ########.##
######....+ ...........
#....# ########.## #....#
#.## #.#'## #...
#e#.###########..#
#@#...........#..#
#.........###.#..#
#.................
#..........##e####
#..........##...†.
##.........######.
#.........####.#.
#######........#e
###.##...#.


You could see Duvessa (berserk).

Vanquished Creatures
  A scorpion (D:4)
  Dowan (D:4)
  Jessica (D:2)
  An iguana (D:4)
  3 adders
  2 dart slugs (D:3)
  2 ribbon worms
  A ball python (D:1)
  An endoplasm (D:2)
  4 giant cockroaches
  7 goblins
  6 hobgoblins
  2 jackals (D:2)
  2 quokkas
  4 bats
  A frilled lizard (D:2)
  3 kobolds
  8 rats
50 creatures vanquished.

Notes
Turn   | Place    | Note
-------+----------+-------------------------------------------
     0 | D:1      | jasper the Demonspawn Earth Elementalist began the quest
                  | for the Orb.
     0 | D:1      | Reached XP level 1. HP: 13/13 MP: 3/3
   224 | D:1      | Reached skill level 3 in Earth Magic
   435 | D:1      | Gained mutation: You have a pair of small antennae on your
                  | head. [demonic ancestry]
   435 | D:1      | Reached XP level 2. HP: 19/19 MP: 3/5
  1274 | D:2      | Reached XP level 3. HP: 24/24 MP: 1/6
  1278 | D:2      | Learned a level 3 spell: Passwall
  1326 | D:2      | Noticed Jessica
  1329 | D:2      | Killed Jessica
  1330 | D:2      | Reached skill level 4 in Earth Magic
  1558 | D:2      | Reached XP level 4. HP: 28/30 MP: 3/7
  2406 | D:3      | Learned a level 3 spell: Stone Arrow
  3201 | D:4      | Reached skill level 5 in Earth Magic
  3340 | D:4      | Noticed a scorpion
  3357 | D:4      | Killed a scorpion
  3358 | D:4      | Reached XP level 5. HP: 28/35 MP: 0/8
  3472 | D:4      | Noticed Duvessa
  3473 | D:4      | Noticed Dowan
  3513 | D:4      | Killed Dowan
  3514 | D:4      | Reached skill level 6 in Earth Magic
  3527 | D:4      | Slain by Duvessa

Illustrated notes

Levels and vault maps discovered:
D:1:      eino_arrival_cavern_b, layout_basic
D:2:      layout_basic, minmay_bisected, uniq_jessica
D:3:      layout_basic
D:4:      layout_basic, nicolae_qazlal_scattered_showers,
          minmay_temple_entry_proselytizer, serial_shops, nicolae_square_shop,
          uniq_duvessa

Skill      XL: |  1  2  3  4  5 |
---------------+----------------+-----
Earth Magic    | 3 4 5 6 |  6.0
Dodging        | |  1.7
Stealth        | |  1.7
Spellcasting   | |  2.0
Conjurations   | |  1.0

Action                     |  1- 3 |  4- 6 || total
---------------------------+-------+-------++-------
  Melee: Short sword       |     4 |     3 ||     7
         Dagger            |       |    10 ||    10
   Cast: Sandblast         |    32 |    43 ||    75
         Stone Arrow       |       |     6 ||     6
    Use: Scroll            |     1 |    12 ||    13
         Potion            |       |     1 ||     1
 Armour: Robe              |     6 |    22 ||    28
  Dodge: Dodged            |    10 |    27 ||    37

Table legend: (Time is in decaauts)
 A = Elapsed time spent in this place.
 B = Non-inter-level travel time spent in this place.
 C = Inter-level travel time spent in this place.
 D = Time resting spent in this place.
 E = Time spent auto-exploring this place.
 F = Levels seen in this place.
 G = Mean time per level.
                   A        B        C        D        E       F      G
               +--------+--------+--------+--------+--------+-----+--------+
         Total |   3559 |   3423 |    136 |    153 |   2834 |   4 |  889.8 |
       Dungeon |   3559 |   3423 |    136 |    153 |   2834 |   4 |  889.8 |
               +--------+--------+--------+--------+--------+-----+--------+

Top non-repeatable levels by time:
     D:1: 1125 daAuts
     D:3: 1057 daAuts
     D:2: 1024 daAuts
     D:4: 351 daAuts
